 Dungeon Crawl Stone Soup version 0.29-a0-878-g7b45a56547 (webtiles) character file.

Game seed: 2934988225758846524

756 27snakeeyes612 the Magician (level 7, -3/36 HPs)
             Began as a Deep Elf Air Elementalist on July 20, 2022.
             Was an Initiate of Sif Muna.
             Slain by a wyvern (16 damage)
             ... on level 5 of the Dungeon.
             The game lasted 00:05:22 (5748 turns).

27snakeeyes612 the Magician (DEAE)                  Turns: 5748, Time: 00:05:22

Health: -3/36      AC:  4    Str:  5    XL:     7   Next: 50%
Magic:  14/17      EV: 14    Int: 22    God:    Sif Muna [......]
Gold:   326        SH:  0    Dex: 15    Spells: 13/17 levels left

rFire   . . .      SeeInvis .   s - +3 dagger (freeze)
rCold   . . .      Faith    .   (no shield)
rNeg    + . .      Spirit   .   a - +0 robe
rPois   .          Reflect  .   (no helmet)
rElec   .          Harm     .   l - +1 cloak
rCorr   +          Rampage  .   (no gloves)
Will    .....                   (no boots)
Stlth   +++.......              (no amulet)
HPRegen 0.12/turn               f - ring of resist corrosion
MPRegen 0.15/turn               o - ring of positive energy

@: no status effects
A: no striking features
a: Renounce Religion


You were on level 5 of the Dungeon.
You worshipped Sif Muna.
Sif Muna was noncommittal.
You visited 1 branch of the dungeon, and saw 5 of its levels.

You collected 326 gold pieces.

Inventory:

Hand Weapons
 e - a +0 dagger
 s - a +3 dagger of freezing (weapon)
Missiles
 q - 2 throwing nets
 r - 5 javelins
Armour
 a - a +0 robe (worn)
 l - a +1 cloak (worn)
Jewellery
 f - a ring of resist corrosion (left hand)
 o - a ring of positive energy (right hand)
Wands
 w - a wand of iceblast (6)
Scrolls
 c - 2 scrolls of amnesia
 i - a scroll of blinking
 j - 4 scrolls of identify
 m - a scroll of enchant weapon
 u - a scroll of teleportation
Potions
 b - a potion of magic
 d - a potion of lignification {unknown}
 g - a potion of resistance
 h - 5 potions of curing
 k - a potion of berserk rage
 n - a potion of mutation {unknown}
 v - a potion of heal wounds {unknown}


   Skills:
 + Level 0.0 Short Blades
 - Level 1.1 Throwing
 + Level 5.0 Dodging
 + Level 5.2 Stealth
 + Level 5.6 Spellcasting
 + Level 4.0 Conjurations
 + Level 4.7 Air Magic


You had 13 spell levels left.
You knew the following spells:

 Your Spells              Type           Power      Damage    Failure   Level
a - Shock                 Conj/Air       100%       1d9       1%          1
b - Swiftness             Air            26%        N/A       4%          3

Your spell library contained the following spells:

 Spells                   Type           Power      Damage    Failure   Level
 Static Discharge         Conj/Air       25%        3-7/arc   2%          2
 Stone Arrow              Conj/Erth      30%        3d8       12%         3
 Airstrike                Air            13%        0-5+      14%         4
 Gell's Gravitas          Tloc           6%         N/A       28%         3
 Lesser Beckoning         Tloc           6%         N/A       28%         3
 Teleport Other           Tloc           6%         N/A       28%         3
 Corpse Rot               Necr/Pois/Air  13%        N/A       45%         4
 Animate Armour           Summ/Erth      12%        N/A       67%         4
 Dispel Undead            Necr           6%         3d8       67%         4
 Death Channel            Necr           3%         N/A       100%        6
 Lehudib's Crystal Spear  Conj/Erth      7%         10d3      100%        8


Dungeon Overview and Level Annotations

Branches:
Dungeon (5/15)
 Temple: D:4-7

Altars:
Hepliaklqana
Makhleb
Sif Muna
Wu Jian
Xom
Zin
The Shining One

Annotations:
D:3 2 runed translucent doors, veljko94's ghost, amateur MiFi
D:4 1 runed translucent door, Crazy Yiuf


Message History

You open the door.
There is an open door here.
Items here: )) [[[ ÷ †.
Things that are here:
a +0 sling; a +0 hand axe; a +0 ring mail
There is an open door here.
There is an open door here.
A dart slug comes into view.
A dart slug is nearby!
A dart slug is nearby!
The zap hits the dart slug!
You kill the dart slug!
Sif Muna accepts your kill.
You can't see any susceptible monsters within range! (Use Z to cast anyway.)
You can't see any susceptible monsters within range! (Use Z to cast anyway.)
n - a metallic clear potion
Found a mace.
You can't see any susceptible monsters within range! (Use Z to cast anyway.)
You can't see any susceptible monsters within range! (Use Z to cast anyway.)
Okay, then.
Found a stone staircase leading down.
h - 6 potions of curing (gained 1)
Found 8 stones.
A wyvern comes into view.
A wyvern is nearby!
The zap hits the wyvern.
The wyvern is lightly wounded.
The wyvern hisses angrily.
The zap misses the wyvern.
The zap hits the wyvern.
The wyvern is moderately wounded.
The zap misses the wyvern.
The wyvern closely misses you.
The wyvern bites you but does no damage.
The wyvern attacks as you move away! The wyvern bites you.
Found 9 gold pieces.
The wyvern bites you! The wyvern attacks as you move away!
The wyvern bites you!
* * * LOW HITPOINT WARNING * * *
You feel better. The wyvern bites you!
You die...

*,<#.#...####.## *,*#.#.#.# #.#
***** *,*#.#.#.####.# *,,,*
*,*#.....#....##### *,#,*
*,*###.###.#####...
*,#.###.####.........#..) ***
*,,,..............#..#...
*,********,##.#####>............
*,,,,,,,**,*#..@l.......#...#..#
*,*****,**,,#..####.##......#..#
*,*****,,,...$.***#.....#...#...
*,,,,,,,.......,,,#.#...#.....##
******,,.....##**,#.#...#.......
*,,.....,,,,,#.#.......#.##
*,*####*,,,,,..............
*,******,*,,,...#......#.##
*,,,,,**,*,,,,,,#..#+#.#.#


You could see a wyvern.

Vanquished Creatures
  A wyvern (D:5)
  A phantom (D:5)
  A bullfrog (D:5)
  A scorpion (D:3)
  A necrophage (D:4)
  2 howler monkeys (D:4)
  A hound (D:5)
  An iguana (D:5)
  3 orc wizards (D:5)
  6 adders
  An ufetubus (D:5)
  A worm (D:3)
  2 dart slugs
  11 orcs
  3 ball pythons
  7 endoplasms
  6 giant cockroaches
  5 goblins
  3 hobgoblins
  8 jackals
  4 quokkas (D:3)
  3 bats
  6 frilled lizards
  12 kobolds
  2 rats (D:1)
92 creatures vanquished.

Vanquished Creatures (others)
  A plant (D:3)
1 creature vanquished.

Grand Total: 93 creatures vanquished

Notes
Turn   | Place    | Note
-------+----------+-------------------------------------------
     0 | D:1      | 27snakeeyes612 the Deep Elf Air Elementalist began the
                  | quest for the Orb.
     0 | D:1      | Reached XP level 1. HP: 10/10 MP: 6/6
   461 | D:1      | Reached XP level 2. HP: 15/15 MP: 2/8
  1484 | D:2      | Reached XP level 3. HP: 9/19 MP: 2/9
  2489 | D:3      | Reached XP level 4. HP: 24/24 MP: 9/11
  2527 | D:3      | Noticed a scorpion
  2541 | D:3      | Killed a scorpion
  2726 | D:3      | Reached XP level 5. HP: 28/28 MP: 10/13
  3213 | D:3      | Found a large runed translucent door.
  3213 | D:3      | Found a large runed translucent door.
  3216 | D:3      | Noticed veljko94's ghost (amateur MiFi)
  3861 | D:4      | Reached XP level 6. HP: 32/32 MP: 5/14
  3865 | D:4      | Learned a level 3 spell: Swiftness
  4379 | D:4      | Found a runed translucent door.
  4380 | D:4      | Noticed Crazy Yiuf
  4486 | D:4      | Found a shimmering blue altar of Sif Muna.
  4490 | D:4      | Found a glowing silver altar of Zin.
  4490 | D:4      | Found an ornate altar of the Wu Jian Council.
  4491 | D:4      | Found a shimmering altar of Xom.
  4494 | D:4      | Found a burning altar of Makhleb.
  4495 | D:4      | Found a hazy altar of Hepliaklqana.
  4805 | D:4      | Became a worshipper of Sif Muna the Loreminder
  4825 | D:5      | Entered Level 5 of the Dungeon
  4852 | D:5      | Reached skill level 5 in Spellcasting
  5053 | D:5      | Reached XP level 7. HP: 25/36 MP: 10/16
  5196 | D:5      | Noticed a wyvern
  5205 | D:5      | Killed a wyvern
  5206 | D:5      | Reached skill level 1 in Throwing
  5206 | D:5      | Reached skill level 5 in Stealth
  5400 | D:5      | Found a glowing golden altar of the Shining One.
  5483 | D:5      | Reached skill level 5 in Dodging
  5739 | D:5      | Noticed a wyvern
  5748 | D:5      | Slain by a wyvern

Illustrated notes

Levels and vault maps discovered:
D:1:      dpeg_arrival_yet_another_circle, layout_basic
D:2:      layout_loops_ring
D:3:      layout_basic, gup_sewer_entry_pipe, serial_forest,
          infiniplex_forest_end_2, infiniplex_forest_straight_2,
          infiniplex_forest_lined_corner, infiniplex_forest_zigzag_2,
          infiniplex_forest_lined_2, ebering_ghost_disaster_area, st_stairs_11
D:4:      layout_rooms, minitemple, uniq_crazy_yiuf_cottage
D:5:      layout_basic, tso_metal_star

Skill      XL: |  1  2  3  4  5  6  7 |
---------------+----------------------+-----
Dodging        | 3 4 5 |  5.0
Stealth        | 3 4 5 |  5.2
Conjurations   | 2 3 4 |  4.0
Spellcasting   | 4 5 |  5.6
Air Magic      | 4 |  4.7
Throwing       | 1 |  1.1

Action                   |  1- 3 |  4- 6 |  7- 9 || total
-------------------------+-------+-------+-------++-------
Melee: Unarmed           |     2 |       |       ||     2
 Cast: Shock             |    77 |   126 |    36 ||   239
  Use: Potion            |       |     1 |     1 ||     2
       Scroll            |       |     5 |     6 ||    11
Armor: Robe              |     4 |     9 |     2 ||    15
Dodge: Dodged            |    23 |    23 |    14 ||    60

Table legend: (Time is in decaauts)
 A = Elapsed time spent in this place.
 B = Non-inter-level travel time spent in this place.
 C = Inter-level travel time spent in this place.
 D = Time resting spent in this place.
 E = Time spent auto-exploring this place.
 F = Levels seen in this place.
 G = Mean time per level.
                   A        B        C        D        E       F      G
               +--------+--------+--------+--------+--------+-----+--------+
         Total |   5752 |   5580 |    172 |      0 |   5075 |   5 | 1150.4 |
       Dungeon |   5752 |   5580 |    172 |      0 |   5075 |   5 | 1150.4 |
               +--------+--------+--------+--------+--------+-----+--------+

Top non-repeatable levels by time:
     D:1: 1447 daAuts
     D:3: 1208 daAuts
     D:4: 1136 daAuts
     D:2: 1038 daAuts
     D:5: 921 daAuts
